AoeStats
← Aloxen

Arena

510407862Analyzed
1v1 RM · 2d ago on Sep 30, 2026· 41m 25s· 2 players
Game mode
Random Map
Map size
Tiny (2 player)
Population
200
Speed
Normal
Resources
Standard
Victory
Conquest
Starting age
Dark Age
Ending age
Imperial Age
RankedLock teamsTeams togetherTeam positionsShared explorationLock speedFull tech treeHidden civsTurbo modeCheats
Victory
Defeat
🇪🇸 Spanish · Spain
1226
+17
🇺🇸 Cumans · United States
1208
-15
Anduril1911
6:45 Loom
8:56 Feudal Age
10:42 Double-Bit Axe
12:11 Fletching
22:03 Castle Age
21:16 Padded Archer Armor
21:48 Scale Barding Armor
22:12 Elite Skirmisher
23:03 Elite Skirmisher
25:18 Bodkin Arrow
25:30 Horse Collar
29:51 Heavy Plow
31:29 Wheelbarrow
32:40 Leather Archer Armor
32:53 Ballistics
36:20 Imperial Age
35:03 Bloodlines
35:07 Forging
35:54 Bow Saw
35:34 Town Watch
36:07 Hand Cart
36:16 Gold Mining
38:07 Chain Barding Armor
38:46 Elite Steppe Lancer
41:03 Iron Casting
41:43 Plate Barding Armor
Aloxen
7:22 Loom
10:07 Feudal Age
13:55 Castle Age
22:31 Double-Bit Axe
25:04 Wheelbarrow
25:40 Horse Collar
26:36 Town Watch
27:38 Hand Cart
27:37 Bow Saw
31:31 Heavy Plow
32:13 Scale Barding Armor
32:18 Forging
32:11 Gold Mining
32:15 Stone Mining
36:10 Imperial Age
33:52 Town Patrol
34:42 Iron Casting
35:21 Chain Barding Armor
36:16 Husbandry
36:26 Bloodlines
37:29 Plate Barding Armor
37:55 Blast Furnace
37:18 Conscription
36:21 Cavalier
38:07 Two-Man Saw
37:45 Stone Shaft Mining
37:59 Fletching
38:09 Padded Archer Armor
38:01 Elite Skirmisher
39:39 Thumb Ring
39:39 Paladin
Connection lost

Rejoining the realm…

Still unreachable

The connection could not be restored.

Session expired

The server has moved on; the page needs a fresh start.